 Dungeon Crawl Stone Soup version 0.27-a0-830-ga1c911b (webtiles) character file.

Game seed: 4507565879096262428

53 2tousent the Sneak (level 3, -4/16 HPs)
             Began as a Vine Stalker Enchanter on Mar 30, 2021.
             Slain by Sigmund
             ... wielding a +0 scythe
              (9 damage)
             ... on level 2 of the Dungeon.
             The game lasted 00:02:00 (1304 turns).

2tousent the Sneak (Vine Stalker Enchanter)         Turns: 1304, Time: 00:02:00

Health: -4/16      AC:  2    Str: 10    XL:     3   Next: 87%
Magic:  0/7        EV: 12    Int: 15    God:
Gold:   46         SH:  0    Dex: 15    Spells: 0/6 levels left

rFire    . . .     SeeInvis .   a - +1 dagger
rCold    . . .     Faith    .   (no shield)
rNeg     . . .     Spirit   +   b - +0 robe
rPois    .         Reflect  .   (no helmet)
rElec    .         Harm     .   (no cloak)
rCorr    .         Rampage  .   (no gloves)
Will     .....                  (no boots)
Stlth    +++.......             (no amulet)
HPRegen  0.05/turn              (no ring)
MPRegen  0.10/turn              (no ring)

@: no status effects
A: fangs 2, magic shield, antimagic bite, no potion heal 3
a: no special abilities


You were on level 2 of the Dungeon.
You visited 1 branch of the dungeon, and saw 2 of its levels.

You collected 46 gold pieces.

Inventory:

Hand Weapons
 a - a +1 dagger (weapon)
Armour
 b - a +0 robe (worn)
Potions
 c - a potion of magic {unknown}
 d - a potion of heal wounds {unknown}
 e - 3 potions of curing {unknown}
 f - 2 potions of invisibility
 g - a potion of degeneration {unknown}


   Skills:
 * Level 1.7 Short Blades
 + Level 1.8 Dodging
 * Level 4.4 Stealth
 + Level 2.4 Spellcasting
 + Level 3.2 Hexes
 + Level 0.6 Ice Magic


You couldn't memorise any spells.
You knew the following spells:

 Your Spells              Type           Power      Damage    Failure   Level
a - Corona                Hex            12%        N/A       5%          1
b - Ensorcelled Hibernat  Hex/Ice        14%        N/A       14%         2
c - Tukima's Dance        Hex            11%        N/A       17%         3

Your spell library contained the following spells:

 Spells                   Type           Power      Damage    Failure   Level
 Confusing Touch          Hex            11%        N/A       17%         3
 Dazzling Flash           Conj/Hex       12%        N/A       32%         3


Dungeon Overview and Level Annotations

Branches:
Dungeon (2/15)

Altars:
Cheibriados

Annotations:
D:2 Sigmund


Innate Abilities, Weirdness & Mutations

You have extremely sharp teeth.
When hurt, damage is shared between your health and your magic reserves.
Your bite disrupts and absorbs the magic of your enemies.
Potions cannot restore your health.


Message History

Aim: Terence, wielding a +0 falchion and wearing a +0 ring mail (severely wounded, chance to affect: 47%) Terence looks drowsy...
The helpless Terence fails to defend himself.
You impale Terence!!
You kill Terence!
g - a blue potion
Things that are here:
a +0 falchion; a +0 ring mail; the human corpse of Terence A goblin comes into view.
It is wielding a +0 dagger.
The goblin shouts!
A goblin is nearby!
A bat comes into view.
Sigmund the Dreaded comes into view.
He is wielding a +0 scythe.
The goblin hits you with a +0 dagger.
Sigmund shouts!
You hit the goblin. Your bite misses the goblin.
The goblin is heavily wounded.
The goblin barely misses you.
You barely miss the goblin. You bite the goblin, but do no damage.
The goblin is heavily wounded.
The goblin hits you with a +0 dagger.
You hit the goblin.
You kill the goblin!
The bat misses you.
You closely miss the bat. The bat barely misses you.
You hit the bat. Your bite misses the bat.
The bat is severely wounded.
The bat hits you. The bat hits you but does no damage.
Sigmund gestures at you while chanting. The magic dart hits you!
The bat hits you but does no damage.
Things that are here:
a +0 dagger; a goblin corpse You are too injured to fight recklessly!
You are too injured to fight recklessly!
You are too injured to fight recklessly!
You are too injured to fight recklessly!
Sigmund hits you from afar with a +0 scythe!
Ouch! That really hurt!
You die...

#..#### #..### #.
#....# #.# #.##.# ..#
## ##.##.# #.# .#
...##.# #.# .#
.####.# #.# .# .# #.#
#.####.#####.
.####.###
#...@b@......
........#
#.####.######
........#####.####.#
...................#
..............######
........#####)#
........#####.######
.)...................
.......[#####..######


You could see Sigmund and a bat.

Vanquished Creatures
  Terence (D:2)
  A ball python (D:2)
  4 bats (D:1)
  An endoplasm (D:1)
  A giant cockroach (D:1)
  3 goblins
  A hobgoblin (D:1)
  6 jackals (D:1)
  A kobold (D:2)
  A quokka (D:2)
  A frilled lizard (D:1)
  2 rats (D:1)
23 creatures vanquished.

Notes
Turn   | Place    | Note
-------+----------+-------------------------------------------
     0 | D:1      | 2tousent the Vine Stalker Enchanter began the quest for the
                  | Orb.
     0 | D:1      | Reached XP level 1. HP: 9/9 MP: 4/4
    74 | D:1      | Reached skill level 1 in Short Blades
   331 | D:1      | Reached XP level 2. HP: 11/13 MP: 4/6
   334 | D:1      | Learned a level 2 spell: Ensorcelled Hibernation
   428 | D:1      | Reached skill level 4 in Stealth
   539 | D:1      | Found a snail-covered altar of Cheibriados.
  1127 | D:2      | Reached XP level 3. HP: 14/16 MP: 7/7
  1184 | D:2      | Learned a level 3 spell: Tukima's Dance
  1221 | D:2      | Noticed Terence
  1225 | D:2      | Killed Terence
  1295 | D:2      | Noticed Sigmund
  1304 | D:2      | Slain by Sigmund

Illustrated notes

Levels and vault maps discovered:
D:1:      heliophobic_arrival_battle_scene, layout_basic, cheibriados_altar_1
D:2:      layout_loops_ring, nicolae_overflow_hidden_temple, uniq_terence,
          uniq_sigmund, uniq_natasha

Skill      XL: |  1  2 |
---------------+-------+-----
Short Blades   | 1 |  1.7
Stealth        | 4 |  4.4
Dodging        | |  1.8
Spellcasting   | |  2.4
Hexes          | |  3.2
Ice Magic      | |  0.6

Action                   || total
-------------------------++-------
Melee: Dagger            ||    78
       Bite              ||    12
 Cast: Ensorcelled Hiber ||     1
  Use: Scroll            ||     1
 Stab: Sleeping          ||    10
Armor: Robe              ||    17
Dodge: Dodged            ||    43

Table legend: (Time is in decaauts)
 A = Elapsed time spent in this place.
 B = Non-inter-level travel time spent in this place.
 C = Inter-level travel time spent in this place.
 D = Time resting spent in this place.
 E = Time spent auto-exploring this place.
 F = Levels seen in this place.
 G = Mean time per level.
                   A        B        C        D        E       F      G
               +--------+--------+--------+--------+--------+-----+--------+
         Total |   1299 |   1287 |     12 |      0 |   1088 |   2 |  649.5 |
       Dungeon |   1299 |   1287 |     12 |      0 |   1088 |   2 |  649.5 |
               +--------+--------+--------+--------+--------+-----+--------+

Top non-repeatable levels by time:
     D:1: 1081 daAuts
     D:2: 217 daAuts
